 Dungeon Crawl Stone Soup version 0.31.0-32-g396128a36d (webtiles) character file.

Game seed: 13497110069769644787

67 cdecastro the Chiller (level 4, 0/30 HPs)
             Began as a Human Ice Elementalist on Mar 18, 2024.
             Was a Believer of Dithmenos.
             Slain by a gnoll
             ... wielding a +0 flail
             ... led by a gnoll bouda
              (9 damage)
             ... on level 6 of the Dungeon.
             The game lasted 00:03:11 (1572 turns).

cdecastro the Chiller (Human Ice Elementalist)      Turns: 1572, Time: 00:03:11

Health: 0/30       AC:  3    Str:  8    XL:     4   Next: 16%
Magic:  3/7        EV: 12    Int: 18    God:    Dithmenos [**....]
Gold:   87         SH:  0    Dex: 13    Spells: 3/7 levels left

rFire   . . .        d - +0 dagger
rCold   . . .        (no shield)
rNeg    . . .        a - +0 robe
rPois   .            (no helmet)
rElec   .            o - +0 cloak
rCorr   .            (no gloves)
SInv    .            (no boots)
Will    .....        (no amulet)
Stlth   ++           (no ring)
HPRegen 0.25/turn    (no ring)
MPRegen 0.10/turn

%: no passive effects
@: freezing walls, wreathed by umbra
A: explore regen
a: Renounce Religion, Shadow Step


You were on level 6 of the Dungeon.
You worshipped Dithmenos.
Dithmenos was pleased with you.
You visited 1 branch of the dungeon, and saw 4 of its levels.

You collected 87 gold pieces.

Inventory:

Hand Weapons
 d - a +0 dagger (weapon)
Armour
 a - a +0 robe (worn)
 j - a +0 ring mail
 o - a +0 cloak (worn)
Scrolls
 e - a scroll of enchant armour {unknown}
 f - a scroll of noise {unknown}
 h - 2 scrolls of identify {unknown}
 k - a scroll of silence {unknown}
 l - a scroll of teleportation {unknown}
 m - a scroll of enchant weapon {unknown}
 n - a scroll of blinking {unknown}
Potions
 b - a potion of magic
 c - 2 potions of curing {unknown}
 g - a potion of berserk rage {unknown}
 i - a potion of lignification {unknown}


   Skills:
 - Level 2.0 Dodging
 - Level 2.0 Stealth
 - Level 2.0 Spellcasting
 + Level 5.6 Ice Magic


You had 3 spell levels left.
You knew the following spells:

 Your Spells              Type           Power      Damage    Failure   Level
a - Freeze                Ice            88%        1d9       1%          1
b - Frozen Ramparts       Ice            44%        1d7       5%          3

Your spell library contained the following spells:

 Spells                   Type           Power      Damage    Failure   Level
 Ozocubu's Armour         Ice            22%        N/A       5%          3
 Summon Ice Beast         Ice/Summ       11%        N/A       17%         3
 Summon Forest            Summ/Tloc      0%         N/A       99%         5
 Eringya's Noxious Bog    Alch           0%         4d6       100%        6
 Summon Hydra             Summ           0%         N/A       100%        7


Dungeon Overview and Level Annotations

Branches:
Dungeon (6/15)
 Temple: D:4-7

Altars:
Dithmenos
Kikubaaqudgha


Innate Abilities, Weirdness & Mutations

You regain HP and MP as you explore.


Message History

Press: ? - help, Dir - look around, f - activate This square is wreathed by an umbra.
The walls around you are covered in ice.
The wall freezes the gnoll.
The wall freezes the gnoll but does no damage.
The wall freezes the gnoll.
The gnoll closely misses you.
Unknown command.
Unknown command.
You hit the gnoll but do no damage.
The gnoll is almost dead.
The wall freezes the gnoll. x3
You kill the gnoll!
Dithmenos accepts your kill.
You have reached level 4!
You feel clever.
Your attacks no longer feel as feeble.
An ufetubus comes into view.
The wall freezes the gnoll.
The gnoll misses you.
The wall freezes the gnoll.
Unknown command.
You hit the gnoll but do no damage.
The gnoll is moderately wounded.
The wall freezes the gnoll but does no damage.
The gnoll hits you with a +0 flail!
The wall freezes the gnoll!
The gnoll barely misses you.
The wall freezes the gnoll but does no damage.
Unknown command.
You barely miss the gnoll.
The gnoll is moderately wounded.
The wall freezes the gnoll.
You kill the gnoll!
Dithmenos accepts your kill.
The wall freezes the gnoll but does no damage.
The gnoll hits you with a +0 flail!
* * * LOW HITPOINT WARNING * * *
The wall freezes the gnoll.
Unknown command.
You closely miss the gnoll.
The gnoll is moderately wounded.
The wall freezes the gnoll.
The gnoll hits you with a +0 flail!
You die...

#...# #...#
#...######
#........#
#........#
#........# .
#........# ...
#...#######.....
#>......@gg.....
#....#####)5....
#...............
#...........g...
####............
#............
#.......... .
#..........
#..........


You could see a gnoll bouda, 2 gnolls and an ufetubus.

Vanquished Creatures
  2 adders
  2 gnolls (D:6)
  6 endoplasms
  5 goblins
  4 hobgoblins
  3 ball pythons (D:2)
  2 bats (D:2)
  A frilled lizard (D:2)
  A kobold (D:2)
  3 rats
29 creatures vanquished.

Notes
Turn   | Place    | Note
-------+----------+-------------------------------------------
     0 | D:1      | cdecastro the Human Ice Elementalist began the quest for
                  | the Orb.
     0 | D:1      | Reached XP level 1. HP: 13/13 MP: 3/3
   163 | D:1      | Found a faded altar of an unknown god.
   200 | D:1      | Prayed at the altar of an unknown god.
   200 | D:1      | Became a worshipper of Dithmenos the Shadowed
   200 | D:1      | Reached * piety under Dithmenos
   269 | D:1      | Reached XP level 2. HP: 13/19 MP: 0/5
  1070 | D:2      | Found an ancient bone altar of Kikubaaqudgha.
  1075 | D:2      | Reached XP level 3. HP: 24/24 MP: 4/6
  1218 | D:2      | Reached skill level 5 in Ice Magic
  1502 | D:3      | Reached ** piety under Dithmenos
  1517 | D:3      | You fall into a shaft and drop 3 floors!
  1556 | D:6      | Learned a level 3 spell: Frozen Ramparts
  1569 | D:6      | Reached XP level 4. HP: 30/30 MP: 3/7
  1572 | D:6      | Slain by a gnoll

Illustrated notes

Levels and vault maps discovered:
D:1:      evilmike_arrival_home_sweet_home, layout_loops_ring,
          basic_ecumenical_altar
D:2:      layout_rooms, basic_altar, corexii_item_surrounded_by_moat
D:3:      layout_loops_ring
D:6:      layout_basic, minmay_temple_entry_gardened_gates

Skill      XL: |  1  2  3 |
---------------+----------+-----
Ice Magic      | 5 |  5.6
Dodging        | |  2.0
Stealth        | |  2.0
Spellcasting   | |  2.0

Action                     |  1- 3 |  4- 6 || total
---------------------------+-------+-------++-------
  Melee: Dagger            |    29 |     3 ||    32
         Unarmed           |     1 |       ||     1
   Cast: Freeze            |    32 |       ||    32
         Frozen Ramparts   |     1 |       ||     1
   Stab: Sleeping          |     2 |       ||     2
 Armour: Robe              |    27 |     3 ||    30
  Dodge: Dodged            |    43 |     2 ||    45
